 Dungeon Crawl Stone Soup version 0.26-b1-32-g5d43845318 (webtiles) character file.

Game seed: 12003348665146290353

7854 Borgoz the Fighter (level 11, -9/99 HPs)
             Began as a Ghoul Gladiator on Jan 13, 2021.
             Was an Elder of Okawaru.
             Mangled by a komodo dragon (23 damage)
             ... on level 9 of the Dungeon.
             The game lasted 00:19:27 (13109 turns).

Borgoz the Fighter (Ghoul Gladiator)               Turns: 13109, Time: 00:19:27

Health: -9/99      AC: 17    Str: 27    XL:     11   Next: 21%
Magic:  12/12      EV: 16    Int:  5    God:    Okawaru [****..]
Gold:   283        SH: 10    Dex: 16    Spells: 10/10 levels left

rFire    + . .     SeeInvis +   a - +2 flail (vorpal)
rCold    + . .     Faith    .   v - +2 buckler
rNeg     + + +     Spirit   .   j - +3 ring mail of the Lonely Mystics {Will+ rCorr Str-4 Stlth+}
rPois    ∞         Reflect  +   H - +3 crown of Dyrovepreva {rElec Int+2 SInv}
rElec    +         Harm     .   u - +0 cloak
rCorr    +         Rampage  .   w - +1 pair of gloves
Will     +....                  y - +0 pair of boots of the Shoals {rElec rPois rF+ Str+3}
Stlth    ++........             c - amulet of reflection
HPRegen  0.00/turn              h - +6 ring of dexterity
MPRegen  0.13/turn              i - +6 ring of strength

@: studying 3 skills
A: claws 1, cold resistance 1, negative energy resistance 3, inhibited
regeneration, torment resistance, unbreathing
a: Renounce Religion, Heroism


You were on level 9 of the Dungeon.
You worshipped Okawaru.
Okawaru was greatly pleased with you.
You visited 1 branch of the dungeon, and saw 9 of its levels.
You also visited: Bailey.

You collected 779 gold pieces.
You spent 496 gold pieces at shops.

Inventory:

Hand Weapons
 a - a +2 vorpal flail (weapon)
 s - the +5 long sword "Wyigiemuen" {flame, +Rage rElec Str-2}
   (You found it on level 7 of the Dungeon)

   It has been specially enchanted to burn those struck by it, causing extra
   injury to most foes and up to half again as much damage against particularly
   susceptible opponents.
   Big, fiery blades are also staple armaments of hydra-hunters.
   It affects your strength (-2).
   It insulates you from electricity.
   It lets you go berserk.
 x - the +7 great sword of the Equinox {vorpal, SInv}
   (You found it on level 7 of the Dungeon)

   It inflicts extra damage upon your enemies.
   It lets you see invisible.
 E - the +5 long sword of Colomeg {vorpal, rN+ Str+2 Int+2}
   (You found it on level 9 of the Dungeon)

   It inflicts extra damage upon your enemies.
   It affects your strength (+2).
   It affects your intelligence (+2).
   It protects you from negative energy.
Missiles
 d - 3 throwing nets (quivered)
Armour
 f - the +0 helmet of Rationality {rC+}
   (You took it off Robin on level 1 of the Dungeon)

   It protects you from cold.
 j - the +3 ring mail of the Lonely Mystics (worn) {Will+ rCorr Str-4 Stlth+}
   (You found it on level 8 of the Dungeon)

   It affects your strength (-4).
   It affects your willpower, your defense against some magical effects.
   It provides partial protection from all sources of acid and corrosion.
   It makes you more stealthy.
 u - a +0 cloak (worn)
 v - a +2 buckler (worn)
 w - a +1 pair of gloves (worn)
 y - the +0 pair of boots of the Shoals (worn) {rElec rPois rF+ Str+3}
   (You found it on level 8 of the Dungeon)

   It affects your strength (+3).
   It protects you from fire.
   It insulates you from electricity.
   It protects you from poison.
 H - the +3 crown of Dyrovepreva (worn) {rElec Int+2 SInv}
   (You bought it in a shop on level 9 of the Dungeon)

   It affects your intelligence (+2).
   It insulates you from electricity.
   It lets you see invisible.
Jewellery
 b - an uncursed amulet of the acrobat
 c - an amulet of reflection (around neck)
 h - a +6 ring of dexterity (left hand)
 i - a +6 ring of strength (right hand)
 r - a +6 ring of dexterity
 G - an uncursed ring of protection from cold {unknown}
Wands
 l - a wand of paralysis (10)
 t - a wand of iceblast (10)
Scrolls
 e - 2 scrolls of enchant armour
 k - 9 scrolls of teleportation
 o - 2 scrolls of remove curse
 q - 2 scrolls of fog
 C - a scroll of magic mapping
Potions
 g - 3 potions of resistance
 m - a potion of heal wounds
 n - 3 potions of might
 p - a potion of cancellation
 B - a potion of haste
 F - a potion of magic {unknown}
Books
 z - a manual of
Armour
 A - a manual of Fighting
 D - a manual of Maces & Flails


   Skills:
 * Level 10.1 Fighting
 * Level 8.6 Maces & Flails
 - Level 1.7 Throwing
 * Level 8.1 Armour
 * Level 8.1 Dodging
 + Level 3.9 Invocations


You had 10 spell levels left.
You didn't know any spells.
Your spell library contained the following spells:

 Spells                   Type           Power        Failure   Level
 Corona                   Hex            0%           77%         1
 Ensorcelled Hibernation  Hex/Ice        0%           88%         2
 Confusing Touch          Hex            0%           98%         3
 Dazzling Flash           Conj/Hex       0%           98%         3
 Tukima's Dance           Hex            0%           98%         3
 Beastly Appendage        Tmut           Unusable     N/A         1
 Wereblood                Tmut           Unusable     N/A         2
 Spider Form              Tmut/Pois      Unusable     N/A         3
 Ice Form                 Ice/Tmut       Unusable     N/A         4
 Blade Hands              Tmut           Unusable     N/A         5

Dungeon Overview and Level Annotations

Branches:
Dungeon (9/15)             Temple (0/1) D:6             Orc (0/2) D:9
 Bailey (visited)
   Lair: D:8-11

Altars:
Ashenzari
Elyvilon
Kikubaaqudgha
Nemelex Xobeh
Okawaru
Ru
Sif Muna
Trog
Vehumet
Xom

Shops:
D:9 [


Innate Abilities, Weirdness & Mutations

You thrive by killing the living.
You are immune to poison.
You have sharp fingernails.
Your flesh is cold resistant. (rC+)
You are immune to negative energy. (rN+++)
You do not regenerate when monsters are visible.
You are immune to unholy pain and torment.
You can survive without breathing.


Message History

You are too injured to fight recklessly!
You are too injured to fight recklessly!
You are too injured to fight recklessly!
You are too injured to fight recklessly!
You are too injured to fight recklessly!
Okay, then.
The komodo dragon closely misses you.
You feel much better. The komodo dragon barely misses you.
You hit the komodo dragon but do no damage.
The komodo dragon bites you!
You barely miss the komodo dragon. The komodo dragon misses you.
You closely miss the komodo dragon. The komodo dragon bites you!!
* * * LOW HITPOINT WARNING * * *
You sock the komodo dragon!
The komodo dragon is moderately wounded.
You block the komodo dragon's attack.
You hit the komodo dragon.
The komodo dragon is heavily wounded.
The komodo dragon bites you!!
You die...

### ### # # ## .##..
.####...≈. ####
#..#....[# ##.####
######.)†......
.†###.###(.(.....)..#
#....###.......l##.....
##.........###.#@# ##.
#####.######..### ###
####


You could see a komodo dragon.

Vanquished Creatures
  A cyclops (D:9)
  A komodo dragon (D:9)
  2 trolls (D:9)
  A wyvern (D:9)
  Menkaure (D:6)
  A swamp drake (D:9)
  A black bear (D:3)
  2 ice beasts
  15 orc warriors
  3 sky beasts
  8 ogres
  A phantom (D:5)
  12 centaurs
  A big kobold (D:9)
  Blork the orc (D:5)
  3 bullfrogs
  2 scorpions
  A water moccasin skeleton (D:6)
  7 wights
  9 killer bees (D:8)
  2 electric eels (D:7)
  A bullfrog zombie (D:9)
  Crazy Yiuf (D:5)
  A gnoll shaman (D:6)
  6 orc priests
  2 hounds
  2 jellies
  6 orc wizards
  2 centaur skeletons (D:9)
  Terence (D:3)
  4 iguanas
  Natasha (thrice) (D:3)
  7 worker ants
  A worker ant zombie (D:6)
  Robin (D:1)
  19 gnolls
  11 adders
  A shadow imp (D:6)
  A white imp (D:6)
  3 ufetubi
  An adder zombie (D:8)
  An adder skeleton (D:4)
  2 dart slugs (D:1)
  4 worms
  6 leopard geckos
  69 orcs
  6 bats
  4 giant cockroaches
  27 goblins
  13 hobgoblins
  10 jackals
  10 kobolds
  3 quokkas
  4 ball pythons
  3 frilled lizards
  7 rats
318 creatures vanquished.

Vanquished Creatures (others)
  A kobold (D:9)
  8 plants (D:7)
9 creatures vanquished.

Grand Total: 327 creatures vanquished

Notes
Turn   | Place    | Note
-------+----------+-------------------------------------------
     0 | D:1      | Borgoz the Ghoul Gladiator began the quest for the Orb.
     0 | D:1      | Reached XP level 1. HP: 17/17 MP: 0/0
   262 | D:1      | Reached XP level 2. HP: 22/25 MP: 1/1
   514 | D:1      | Reached skill level 1 in Armour
   514 | D:1      | Reached XP level 3. HP: 30/30 MP: 2/2
  1119 | D:2      | Identified the +0 helmet of Rationality {rC+}
  1119 | D:2      | Noticed Robin
  1339 | D:1      | Killed Robin
  1340 | D:1      | Reached skill level 3 in Fighting
  1340 | D:1      | Reached XP level 4. HP: 37/38 MP: 3/3
  2215 | D:2      | Reached XP level 5. HP: 44/45 MP: 4/4
  2871 | D:3      | Found a sacrificial altar of Ru.
  2877 | D:3      | Found a transporter.
  3167 | D:3      | Found a transporter.
  3175 | D:3      | Noticed a black bear
  3192 | D:3      | Noticed Terence
  3203 | D:3      | Killed Terence
  4092 | D:3      | Noticed Natasha
  4098 | D:3      | Killed Natasha
  4153 | D:3      | Noticed Natasha
  4160 | D:3      | Killed Natasha
  4161 | D:3      | Reached XP level 6. HP: 20/52 MP: 5/5
  4180 | D:3      | Noticed Natasha
  4199 | D:3      | Killed Natasha
  4200 | D:3      | Reached skill level 4 in Fighting
  4882 | D:4      | Found a bloodstained altar of Trog.
  5122 | D:4      | Reached XP level 7. HP: 60/60 MP: 6/6
  5129 | D:4      | Found a glowing golden altar of the Shining One.
  5131 | D:4      | Found a shimmering altar of Xom.
  5131 | D:4      | Found a broken altar of Ashenzari.
  5133 | D:4      | Found a sparkling altar of Nemelex Xobeh.
  5133 | D:4      | Found a shimmering blue altar of Sif Muna.
  5133 | D:4      | Found a radiant altar of Vehumet.
  5187 | D:4      | HP: 2/60 [ogre/cursed -2 giant club (28)]
  5326 | D:4      | Found a white marble altar of Elyvilon.
  5778 | D:4      | Reached skill level 5 in Fighting
  6543 | D:5      | Entered Level 5 of the Dungeon
  6625 | D:5      | Reached XP level 8. HP: 62/69 MP: 7/7
  6633 | D:5      | Reached skill level 5 in Dodging
  6706 | D:5      | Reached skill level 5 in Maces & Flails
  6788 | D:5      | Noticed Blork the orc
  6796 | D:5      | Killed Blork the orc
  7037 | D:5      | Found a runed translucent door.
  7038 | D:5      | Noticed Crazy Yiuf
  7129 | D:5      | Killed Crazy Yiuf
  7261 | D:3      | Reached skill level 6 in Fighting
  7407 | D:6      | Found a radiant altar of Vehumet.
  7433 | D:6      | Noticed Menkaure
  7441 | D:6      | Killed Menkaure
  7442 | D:6      | Reached XP level 9. HP: 39/78 MP: 8/8
  7447 | D:6      | Reached skill level 5 in Armour
  7628 | D:6      | Found a staircase to the Ecumenical Temple.
  8001 | D:6      | Reached skill level 7 in Fighting
  8141 | D:6      | You fall into a shaft and drop 1 floor!
  8235 | D:7      | Got a faintly glowing long sword
  8261 | D:7      | Got an ichor-stained great sword
  8422 | D:7      | Found an iron altar of Okawaru.
  8480 | D:7      | Became a worshipper of Warmaster Okawaru
  9421 | D:8      | Reached skill level 1 in Invocations
  9531 | D:8      | Reached XP level 10. HP: 58/88 MP: 10/10
  9548 | D:8      | Found an ancient bone altar of Kikubaaqudgha.
  9606 | D:8      | Reached * piety under Okawaru
  9618 | D:8      | Reached skill level 8 in Fighting
  9628 | D:8      | Identified the +5 long sword "Wyigiemuen" {flame, +Rage
                  | rElec Str-2} (You found it on level 7 of the Dungeon)
  9728 | D:8      | Got a pair of ancient boots
  9743 | D:8      | Identified the +0 pair of boots of the Shoals {rElec rPois
                  | rF+ Str+3} (You found it on level 8 of the Dungeon)
  9765 | D:8      | Got a fading ring mail
  9789 | D:8      | Found a flagged portal.
  9823 | D:8      | Identified the +3 ring mail of the Lonely Mystics {Will+
                  | rCorr Str-4 Stlth+} (You found it on level 8 of the
                  | Dungeon)
  9827 | Bailey   | Entered a bailey
 10230 | Bailey   | Reached ** piety under Okawaru
 11747 | D:8      | Reached *** piety under Okawaru
 12045 | D:8      | Identified a scroll of acquirement
 12045 | D:8      | Acquired a manual of Maces & Flails
 12055 | D:8      | Identified the +7 great sword of the Equinox {vorpal, SInv}
                  | (You found it on level 7 of the Dungeon)
 12089 | D:9      | Noticed a cyclops
 12110 | D:9      | Reached skill level 9 in Fighting
 12114 | D:9      | Killed a cyclops
 12334 | D:9      | Got an ichor-stained long sword
 12335 | D:9      | Identified the +5 long sword of Colomeg {vorpal, rN+ Str+2
                  | Int+2} (You found it on level 9 of the Dungeon)
 12396 | D:9      | Reached XP level 11. HP: 86/97 MP: 12/12
 12763 | D:9      | Found Unol's Armour Emporium.
 12763 | D:9      | Found a staircase to the Orcish Mines.
 12774 | D:9      | Bought the +3 crown of Dyrovepreva {rElec Int+2 SInv} for
                  | 496 gold pieces
 12774 | D:9      | Found the +3 crown of Dyrovepreva {rElec Int+2 SInv}
 13010 | D:9      | Reached skill level 10 in Fighting
 13074 | D:9      | Identified the +1 falchion of Drought {venom, rF- Str+4
                  | SInv}
 13082 | D:9      | Reached **** piety under Okawaru
 13109 | D:9      | Mangled by a komodo dragon

Illustrated notes

Levels and vault maps discovered:
D:1:      minmay_arrival_split_and_join, layout_basic
D:2:      layout_loops_ring, minivault_19, minmay_goblin_outpost, uniq_robin
D:3:      minmay_chambers_of_twos, layout_basic,
          gammafunk_temple_overflow_arena, uniq_natasha, uniq_terence
D:4:      layout_cave_pods, doesnt_xom_only_xom, general_overflow_altar,
          kennysheep_mini_moat
D:5:      layout_loops_ring, uniq_crazy_yiuf_cottage, uniq_blork_the_orc
D:6:      minmay_inner_zag, layout_basic, vehumet_crystals, temple_pool_b,
          kennysheep_generic_room_12, uniq_menkaure
D:7:      layout_basic, old_standard_altar, serial_bayou_lagoon_a
D:8:      layout_rooms, lemuel_crystal_altar, enter_bailey_3
D:9:      layout_loops_ring, erik_lair_dragon, orc_david_3, minmay_three_doors

Skill      XL: |  1  2  3  4  5  6  7  8  9 10 11 |
---------------+----------------------------------+-----
Armour         | 1 2 3 4 6 7 8 |  8.1
Dodging        | 3 4 5 6 7 8 |  8.1
Maces & Flails | 3 4 5 6 8 |  8.6
Fighting       | 3 4 5 6 7 9 10 | 10.1
Invocations    | 1 3 |  3.9
Throwing       | |  1.7

Action                   |  1- 3 |  4- 6 |  7- 9 | 10-12 || total
-------------------------+-------+-------+-------+-------++-------
Melee: Flail             |   108 |   281 |   382 |   404 ||  1175
Throw: Throwing net      |       |     2 |     2 |     2 ||     6
Evoke: Wand              |       |       |       |    30 ||    30
  Use: Scroll            |     3 |     9 |     7 |     3 ||    22
       Potion            |       |     1 |     4 |     5 ||    10
 Stab: Sleeping          |       |     1 |       |       ||     1
       Held in net/web   |       |       |     1 |     2 ||     3
       Confused          |       |       |       |     1 ||     1
Armor: Leather armour    |    48 |    80 |    90 |    38 ||   256
       Ring mail         |       |       |       |   105 ||   105
Dodge: Dodged            |    97 |   284 |   311 |   396 ||  1088
Block: Other             |       |    70 |    53 |       ||   123
       Reflection        |       |       |     7 |     5 ||    12
       Buckler           |       |       |   144 |   326 ||   470
